 Dungeon Crawl Stone Soup version 0.27.0-1-g7a089689b8 (webtiles) character file.

Game seed: 471721976641634262

2030 tilp the Ducker (level 9, 0/54 HPs)
             Began as a Deep Elf Gladiator on Aug 3, 2021.
             Was a Believer of Makhleb.
             Slain by a troll (6 damage)
             ... on level 8 of the Dungeon.
             The game lasted 00:25:01 (9693 turns).

tilp the Ducker (Deep Elf Gladiator)                Turns: 9693, Time: 00:25:02

Health: 0/54       AC:  7    Str: 19    XL:     9   Next: 3%
Magic:  17/17      EV: 17    Int: 17    God:    Makhleb [**....]
Gold:   326        SH:  0    Dex: 22    Spells: 15/16 levels left

rFire    . . .     SeeInvis .   a - +0 quarterstaff (flame)
rCold    . . .     Faith    +   (shield currently unavailable)
rNeg     . . .     Spirit   .   A - +1 robe of Infinity {rPois Str+5}
rPois    +         Reflect  .   c - +1 helmet
rElec    .         Harm     .   j - +1 cloak
rCorr    .         Rampage  .   (no gloves)
Will     .....                  (no boots)
Stlth    +++.......             D - amulet "Ymofius" {Faith Str+3}
HPRegen  0.18/turn              x - +6 ring of dexterity
MPRegen  0.15/turn              (no ring)

@: on berserk cooldown, very slightly contaminated, slowed, invisible
(expiring), very slow
A: no striking features
a: Renounce Religion, Minor Destruction


You were on level 8 of the Dungeon.
You worshipped Makhleb.
Makhleb was pleased with you.
You visited 1 branch of the dungeon, and saw 9 of its levels.

You collected 326 gold pieces.

Inventory:

Hand Weapons
 a - a +0 quarterstaff of flaming (weapon)
Missiles
 p - 5 boomerangs (quivered)
 C - 7 javelins
Armour
 b - a +0 leather armour
 c - a +1 helmet (worn)
 j - a +1 cloak (worn)
 s - a +0 chain mail
 A - the +1 robe of Infinity (worn) {rPois Str+5}
   (You found it on level 5 of the Dungeon)

   Str:       It affects your strength (+5).
   rPois:     It protects you from poison.
Magical Staves
 r - a staff of poison
Jewellery
 m - an amulet of magic regeneration
 x - a +6 ring of dexterity (left hand)
 D - the amulet "Ymofius" (around neck) {Faith Str+3}
   (You found it on level 6 of the Dungeon)

   [amulet of faith]

   It allows you to gain divine favour quickly.
   Str:       It affects your strength (+3).
Wands
 q - a wand of flame (34)
Scrolls
 d - a scroll of identify
 e - a scroll of fog
 g - a scroll of brand weapon
 h - 5 scrolls of amnesia
 w - 2 scrolls of fear
 B - a scroll of vulnerability
 E - a scroll of teleportation {unknown}
Potions
 i - a potion of brilliance {unknown}
 k - 3 potions of curing
 l - a potion of invisibility
 n - a potion of might {unknown}
 o - a potion of lignification {unknown}
 t - a potion of cancellation {unknown}
 v - a potion of ambrosia {unknown}
 z - a potion of flight {unknown}


   Skills:
 + Level 5.0 Fighting
 - Level 4.0 Staves
 - Level 2.0 Throwing
 + Level 7.4 Dodging
 - Level 4.0 Stealth
 - Level 4.0 Spellcasting
 + Level 6.8 Necromancy
 - Level 4.0 Evocations


You had 15 spell levels left.
You knew the following spells:

 Your Spells              Type           Power      Damage    Failure   Level
a - Pain                  Necr           100%       1d9       1%          1

Your spell library contained the following spells:

 Spells                   Type           Power      Damage    Failure   Level
 Sublimation of Blood     Necr           13%        N/A       1%          2
 Summon Small Mammal      Summ           12%        N/A       16%         1
 Agony                    Necr           26%        N/A       26%         5
 Excruciating Wounds      Necr           13%        N/A       26%         5
 Call Canine Familiar     Summ           3%         N/A       43%         3
 Dazzling Flash           Conj/Hex       6%         N/A       43%         3
 Summon Guardian Golem    Hex/Summ       3%         N/A       43%         3
 Petrify                  Tmut/Erth      3%         N/A       83%         4
 Irradiate                Conj/Tmut      1%         3d13      99%         5
 Silence                  Hex/Air        1%         N/A       99%         5


Dungeon Overview and Level Annotations

Branches:
Dungeon (9/15)             Temple (0/1) D:6
   Lair: D:8-11         Orc: D:9-12

Altars:
Ashenzari
Elyvilon
Kikubaaqudgha
Makhleb
Vehumet

Annotations:
D:5 exclusions: 2 orcs, orc wizard, ufetubus and 1 more exclusion
D:7 exclusions: lemure and water moccasin, Dowan, Duvessa, Harold


Message History

You have reached level 9!
Your experience leads to an increase in your attributes!
Your base attributes are Str 11, Int 16, Dex 16.
Increase (S)trength, (I)ntelligence, or (D)exterity?
You feel clever.
Unknown command.
You thump the hound! You burn the hound.
The hound is heavily wounded.
The hound misses you. The hound closely misses you. The hound misses you.
You closely miss the hound.
The hound is heavily wounded.
The hound bites you.
* * * LOW HITPOINT WARNING * * *
The hound barely misses you.
Unknown command.
You hit the hound but do no damage.
The hound is heavily wounded.
The hound misses you. x2; The hound bites you.
* * * LOW HITPOINT WARNING * * *
Unknown command.
You hit the hound. You burn the hound.
The hound is severely wounded.
The hound bites you but does no damage. The hound barely misses you.
Unknown command.
You hit the hound. You burn the hound.
You kill the hound!
Makhleb accepts your kill.
Unknown command.
You barely miss the troll. The troll completely misses you.
The troll barely misses you. The troll misses you. The troll barely misses you.
The troll closely misses you. The troll claws you but does no damage.
You barely miss the troll.
You flicker for a moment.
The troll misses you. The troll claws you!
* * * LOW HITPOINT WARNING * * *
The troll misses you. The troll closely misses you. The troll misses you.
The troll completely misses you.
Unknown command.
You barely miss the troll. The troll bites you.
You die...

#.......# #.#####.### #.
#.# #.... ..
############## #.# #####
#. #.†......†...# #.#
####### #. #.##########.#
#.# #...... #. #.#
####.###.###...... #. #.#
#.................
##.#####.#####
#@##########......
#.T..........# #T######
#...... #..#########.#
#......#####...<.. #.. ..#
#.........8#...... #.T #.#
#......#####...### ..h .
##.###.###### #.#.# ...
...###....†.##########.#.#
#..
........###............#.#
...
#.####..#######.########.#


You could see a troll.

Vanquished Creatures
  A black bear (D:5)
  An ice beast (D:3)
  2 necrophages
  2 ogres
  3 bullfrogs
  A wyvern zombie (D:8)
  2 scorpions (D:4)
  A water moccasin zombie (D:6)
  8 killer bees
  8 hounds
  A jelly (D:6)
  2 bullfrog skeletons
  3 iguanas
  4 orc wizards
  A hound skeleton (D:5)
  A howler monkey zombie (D:6)
  A howler monkey skeleton (D:4)
  6 adders
  A shadow imp (D:6)
  An ufetubus (D:5)
  2 worms
  A dart slug (D:1)
  24 orcs
  3 bats
  5 endoplasms
  2 giant cockroaches
  9 goblins
  10 hobgoblins
  6 jackals
  10 kobolds
  3 quokkas
  7 ball pythons
  4 frilled lizards
  A quokka skeleton (D:2)
  5 rats
142 creatures vanquished.

Notes
Turn   | Place    | Note
-------+----------+-------------------------------------------
     0 | D:1      | tilp the Deep Elf Gladiator began the quest for the Orb.
     0 | D:1      | Reached XP level 1. HP: 12/12 MP: 3/3
   259 | D:1      | Found a faded altar of an unknown god.
   452 | D:1      | Reached skill level 1 in Stealth
   452 | D:1      | Reached XP level 2. HP: 17/17 MP: 4/4
   888 | D:2      | Reached skill level 4 in Dodging
  1072 | D:2      | Reached XP level 3. HP: 21/21 MP: 5/5
  1096 | D:2      | Noticed an ogre
  1318 | D:2      | Killed an ogre
  1319 | D:2      | Reached skill level 1 in Evocations
  1319 | D:2      | Reached XP level 4. HP: 13/27 MP: 6/6
  1811 | D:2      | Reached XP level 5. HP: 26/31 MP: 7/7
  2286 | D:2      | Learned a level 1 spell: Pain
  2951 | D:3      | Noticed an ice beast
  2978 | D:3      | Killed an ice beast
  2979 | D:3      | Reached skill level 5 in Dodging
  2979 | D:3      | Reached skill level 1 in Necromancy
  2979 | D:3      | Reached XP level 6. HP: 36/36 MP: 8/8
  3351 | D:4      | Found a burning altar of Makhleb.
  3358 | D:4      | Became a worshipper of Makhleb the Destroyer
  3841 | D:4      | Found a radiant altar of Vehumet.
  4211 | D:4      | Reached XP level 7. HP: 25/41 MP: 9/9
  4709 | D:5      | Entered Level 5 of the Dungeon
  5208 | D:5      | Found a white marble altar of Elyvilon.
  5317 | D:5      | Reached * piety under Makhleb
  5443 | D:5      | Reached skill level 6 in Dodging
  6025 | D:5      | Found a broken altar of Ashenzari.
  6043 | D:5      | Reached skill level 1 in Spellcasting
  6113 | D:5      | Identified the +1 robe of Infinity {rPois Str+5}
  6322 | D:5      | Reached XP level 8. HP: 39/48 MP: 9/12
  7179 | D:6      | Reached skill level 5 in Necromancy
  7921 | D:6      | Found a staircase to the Ecumenical Temple.
  7970 | D:6      | Identified the amulet "Ymofius" {Faith Str+3}
  8127 | D:7      | Noticed Harold
  8320 | D:7      | Noticed Duvessa
  8320 | D:7      | Noticed Dowan
  9335 | D:9      | Noticed a two-headed ogre
  9342 | D:9      | Noticed a troll
  9366 | D:9      | Found an ancient bone altar of Kikubaaqudgha.
  9465 | D:9      | Reached skill level 7 in Dodging
  9577 | D:8      | Noticed a troll
  9685 | D:8      | Reached ** piety under Makhleb
  9686 | D:8      | Reached skill level 5 in Fighting
  9686 | D:8      | Reached XP level 9. HP: 15/54 MP: 17/17
  9693 | D:8      | Slain by a troll

Illustrated notes

Levels and vault maps discovered:
D:1:      psy_arrival_whirlpool, layout_rooms,
          hellmonk_ecumenical_altar_crossroads, serial_bayou_ford_a
D:2:      layout_rooms, kennysheep_nondescript
D:3:      layout_basic
D:4:      minmay_chambers_of_threes, layout_gridville,
          mainiacjoe_overflow_tiny_flanked, nicolae_vehumet_altar_sigil
D:5:      layout_loops_corners, elyvilon_altar_4, nicolae_overflow_hidden_temple
D:6:      layout_basic, minmay_temple_entry_statues_fountains
D:7:      cheibrodos_steamvent, layout_basic, amcnicky_altar_gilded,
          serial_shops, kennysheep_little_box, uniq_duvessa, uniq_harold,
          uniq_pikel
D:8:      layout_loops_ring, erik_lair_island, chequers_jeans,
          serial_bayou_pond_e, minivault_27
D:9:      gammafunk_cloud_chamber, layout_loops_ring,
          pdpol_wu_jian_five_deadly_venoms, kennysheep_mini_moat,
          nicolae_shop_clearance

Skill      XL: |  1  2  3  4  5  6  7  8 |
---------------+-------------------------+-----
Stealth        | 1 2 3 4 |  4.0
Dodging        | 4 5 6 7 |  7.4
Fighting       | 2 3 4 5 |  5.0
Evocations     | 1 2 3 4 |  4.0
Staves         | 4 |  4.0
Necromancy     | 1 2 4 6 |  6.8
Spellcasting   | 1 4 |  4.0
Throwing       | |  2.0

Action                   |  1- 3 |  4- 6 |  7- 9 || total
-------------------------+-------+-------+-------++-------
Melee: Quarterstaff      |    82 |   193 |   225 ||   500
Throw: Throwing net      |     2 |     2 |       ||     4
       Stone             |       |     2 |     1 ||     3
       Boomerang         |       |       |     2 ||     2
 Cast: Pain              |       |    14 |    53 ||    67
Evoke: Wand              |       |     4 |       ||     4
  Use: Scroll            |     4 |     5 |     7 ||    16
       Potion            |     1 |       |     5 ||     6
 Stab: Sleeping          |     1 |       |     3 ||     4
       Held in net/web   |       |     2 |       ||     2
       Invisible         |       |       |     2 ||     2
Armor: Leather armour    |    19 |       |       ||    19
       Chain mail        |       |    69 |       ||    69
       Robe              |       |    21 |    66 ||    87
Dodge: Dodged            |    55 |    89 |   206 ||   350
